 Dungeon Crawl Stone Soup version 0.27-a0-1381-g81fdcbfb23 (webtiles) character file.

Game seed: 4491088572572598923

4013 Froggeryz the Slicer (level 10, -6/94 HPs)
             Began as an Octopode Berserker on June 30, 2021.
             Was a Priest of Trog.
             Mangled by a skeletal warrior (19 damage)
             ... on level 6 of the Dungeon.
             The game lasted 00:10:09 (8416 turns).

Froggeryz the Slicer (Octopode Berserker)           Turns: 8416, Time: 00:10:09

Health: -6/94      AC:  1    Str: 17    XL:     10   Next: 23%
Magic:  10/10      EV: 16    Int:  9    God:    Trog [***...]
Gold:   72         SH:  0    Dex: 15    Spells: 9/9 levels left

rFire    . . .     SeeInvis .   l - +0 short sword (elec)
rCold    . . .     Faith    .   (no shield)
rNeg     + + .     Spirit   .   (helmet restricted)
rPois    .         Reflect  .   (no amulet)
rElec    .         Harm     .   u - ring of positive energy
rCorr    .         Rampage  .   y - ring of positive energy
Will     .....                  (no ring)
Stlth    ..........             (no ring)
HPRegen  0.25/turn              (no ring)
MPRegen  0.12/turn              (no ring)
                                (no ring)
                                (no ring)

@: berserking, slowed
A: almost no armour, amphibious, 8 rings, camouflage 1, gelatinous body 1,
(nimble swimmer 1), tentacles
a: Renounce Religion, Berserk, Trog's Hand


You were on level 6 of the Dungeon.
You worshipped Trog.
Trog was most pleased with you.
You visited 1 branch of the dungeon, and saw 7 of its levels.

You collected 266 gold pieces.
You spent 194 gold pieces at shops.

Inventory:

Hand Weapons
 l - a +0 short sword of electrocution (weapon)
Missiles
 i - 7 atropa-tipped darts
 p - 26 poisoned darts (quivered)
 x - 8 javelins
 F - 5 boomerangs of dispersal
Jewellery
 q - a ring of ice
 u - a ring of positive energy (left tentacle)
 w - a ring of ice
 y - a ring of positive energy (right tentacle)
Wands
 n - a wand of polymorph (5)
 r - a wand of digging (5)
 s - a wand of mindburst (20)
 H - a wand of iceblast (10)
Scrolls
 b - a scroll of fog {unknown}
 c - a scroll of holy word {unknown}
 e - a scroll of enchant armour {unknown}
 f - 2 scrolls of immolation
 h - 3 scrolls of teleportation
 j - a scroll of blinking
 k - a scroll of fear {unknown}
 m - 8 scrolls of identify
 v - a scroll of torment {unknown}
 C - a scroll of amnesia {unknown}
Potions
 a - 4 potions of curing
 d - a potion of degeneration {unknown}
 g - a potion of haste {unknown}
 o - 2 potions of might {unknown}
 t - a potion of ambrosia {unknown}
 z - a potion of magic {unknown}
 A - a potion of berserk rage {unknown}
 B - a potion of brilliance {unknown}
 D - a potion of lignification {unknown}
 E - 2 potions of heal wounds
 G - a potion of flight {unknown}


   Skills:
 - Level 3.0 Fighting
 * Level 11.2 Short Blades
 + Level 6.3 Dodging
 + Level 10.7 Stealth


You had 9 spell levels left.
You didn't know any spells.
Your spell library was empty.

Dungeon Overview and Level Annotations

Branches:
Dungeon (7/15)             Temple (0/1) D:5

Altars:
Dithmenos
Gozag
Okawaru
Uskayaw
Wu Jian

Shops:
D:3 *[(   D:7 !


Innate Abilities, Weirdness & Mutations

You cannot wear most types of armour.
You are amphibious.
You can wear up to eight rings at the same time.
Your skin changes colour to match your surroundings (Stealth+).
Your rubbery body absorbs attacks. (AC +1, EV +1)
((You are camouflaged near water. (Stealth+)))
You have tentacles for arms and can constrict up to eight enemies at once.


Message History

You constrict the kobold brigand.
The kobold brigand hits you with a +0 club.
An orc wizard comes into view. It is wielding a +0 dagger.
You hit the kobold brigand. You squeeze the kobold brigand.
You kill the kobold brigand!
Trog accepts your kill.
You feel sick.
You are no longer poisoned.
There is an open door here.
The skeletal warrior hits you with a +0 hand axe.
You see here a +0 dagger.
The orc wizard gestures wildly while chanting.
The orc wizard flickers and vanishes!
Deactivating autopickup; reactivate with Ctrl-A.
The skeletal warrior hits you with a +0 hand axe!
The howler monkey skeleton misses you.
There is a stone staircase leading up, spattered with blood here.
The skeletal warrior closely misses you.
The howler monkey skeleton barely misses you.
The necrophage barely misses you.
You climb upwards.
Reactivating autopickup.
There is a stone staircase leading down, spattered with blood here.
The skeletal warrior completely misses you.
Okay, then.
A red film seems to cover your vision as you go berserk!
You feel yourself moving faster!
You feel mighty!
The skeletal warrior hits you with a +0 hand axe!
The skeletal warrior hits you with a +0 hand axe!!
* * * LOW HITPOINT WARNING * * *
You hit the skeletal warrior but do no damage.
Your grab misses the skeletal warrior.
Your squeeze misses the skeletal warrior.
You puncture the skeletal warrior!
Lightning courses through the skeletal warrior!
You grab the skeletal warrior.
The skeletal warrior is moderately damaged.
You constrict the skeletal warrior, but do no damage.
The skeletal warrior hits you with a +0 hand axe!!
You die...

#### ######
#..####.#.>##
##...##....[.##
###.....#.....z@##
#...#...#........#
###.##..........##
####............##
#..........##.###
#..........####
#...........####
..........##(..#
........####...###


You could see a skeletal warrior.

Vanquished Creatures
  Pikel (D:6)
  A gargoyle (D:7)
  A slime creature (D:7)
  A wyvern (D:4)
  A vampire mosquito (D:6)
  A water moccasin (D:5)
  3 sky beasts
  2 necrophages
  2 ice beasts (D:6)
  2 orc warriors (D:7)
  A black bear (D:6)
  2 ogres
  A centaur (D:7)
  3 phantoms
  3 lemures (D:6)
  3 bullfrogs
  A kobold brigand (D:7)
  2 scorpions
  2 water moccasin skeletons
  3 wights
  A howler monkey (D:7)
  A bullfrog zombie (D:7)
  3 gnoll shamans (D:7)
  2 orc priests (D:5)
  3 hounds
  A jelly (D:7)
  Jessica (D:2)
  5 iguanas
  A scorpion zombie (D:5)
  Natasha (twice) (D:2)
  An orc wizard (D:5)
  A howler monkey skeleton (D:7)
  4 adders
  A white imp (D:7)
  3 worms
  A dart slug (D:1)
  18 orcs
  2 bats
  An endoplasm (D:2)
  4 giant cockroaches
  8 goblins
  5 hobgoblins
  5 jackals (D:3)
  5 kobolds
  2 ball pythons
  2 frilled lizards (D:1)
  6 rats
125 creatures vanquished.

Vanquished Creatures (others)
  8 plants (D:7)
8 creatures vanquished.

Grand Total: 133 creatures vanquished

Notes
Turn   | Place    | Note
-------+----------+-------------------------------------------
     0 | D:1      | Froggeryz the Octopode Berserker began the quest for the
                  | Orb.
     0 | D:1      | Reached XP level 1. HP: 16/16 MP: 1/1
   136 | D:1      | Reached skill level 1 in Stealth
   173 | D:1      | Reached XP level 2. HP: 21/21 MP: 2/2
   840 | D:2      | Reached XP level 3. HP: 21/26 MP: 3/3
  1320 | D:2      | Noticed Natasha
  1331 | D:2      | Killed Natasha
  1332 | D:2      | Reached skill level 4 in Short Blades
  1332 | D:2      | Reached XP level 4. HP: 8/31 MP: 4/4
  1582 | D:2      | Noticed Jessica
  1597 | D:2      | Killed Jessica
  1969 | D:2      | Reached ** piety under Trog
  2150 | D:2      | Noticed Natasha
  2158 | D:2      | Killed Natasha
  2159 | D:2      | Reached XP level 5. HP: 20/36 MP: 5/5
  2389 | D:3      | Found a hide-covered altar of Uskayaw.
  2389 | D:3      | Found an ornate altar of the Wu Jian Council.
  2455 | D:3      | Found Utabyasy's Assorted Antiques.
  2466 | D:3      | Bought a scroll labelled EGEIFEP ERODOI for 30 gold pieces
  2466 | D:3      | Bought a scroll labelled DUISTR PENT for 30 gold pieces
  2466 | D:3      | Bought a scroll labelled JASHRI MEQY API for 30 gold pieces
  2560 | D:3      | Found Fangut's Antique Weapon Shoppe.
  2642 | D:3      | Found Opnoacw's Antique Armour Emporium.
  2847 | D:3      | Reached skill level 5 in Short Blades
  3122 | D:3      | Found a faded altar of an unknown god.
  3244 | D:4      | Noticed an ogre
  3252 | D:4      | Killed an ogre
  3285 | D:4      | Noticed a phantom
  3299 | D:4      | Reached XP level 6. HP: 27/42 MP: 6/6
  3577 | D:4      | Reached skill level 6 in Short Blades
  3626 | D:4      | Found an iron altar of Okawaru.
  3628 | D:4      | Noticed a wyvern
  3641 | D:4      | Killed a wyvern
  3642 | D:4      | Reached skill level 5 in Stealth
  3642 | D:4      | Reached XP level 7. HP: 29/46 MP: 7/7
  4209 | D:5      | Entered Level 5 of the Dungeon
  4211 | D:5      | Found a shadowy altar of Dithmenos.
  4393 | D:5      | Reached skill level 7 in Short Blades
  4459 | D:5      | Found a staircase to the Ecumenical Temple.
  4785 | D:5      | Reached skill level 8 in Short Blades
  4785 | D:5      | Reached XP level 8. HP: 52/52 MP: 8/8
  4981 | D:6      | HP: 1/52 [ice beast (7)]
  5287 | D:6      | Noticed Pikel
  5596 | D:6      | Killed Pikel
  5597 | D:6      | Reached skill level 9 in Short Blades
  5597 | D:6      | Reached XP level 9. HP: 22/56 MP: 9/9
  5945 | D:6      | Reached *** piety under Trog
  6641 | D:7      | Found Mioptet's Distillery.
  6644 | D:7      | Bought a potion of curing for 39 gold pieces
  6644 | D:7      | Bought a potion of heal wounds for 65 gold pieces
  6767 | D:7      | Reached skill level 5 in Dodging
  6771 | D:7      | Reached skill level 10 in Short Blades
  6818 | D:7      | Reached skill level 10 in Stealth
  6983 | D:7      | Found an opulent altar of Gozag.
  7798 | D:6      | Reached XP level 10. HP: 44/63 MP: 10/10
  8010 | D:7      | Noticed a gargoyle
  8015 | D:7      | Killed a gargoyle
  8016 | D:7      | Reached skill level 11 in Short Blades
  8259 | D:7      | Noticed a skeletal warrior
  8416 | D:6      | Mangled by a skeletal warrior

Illustrated notes

Levels and vault maps discovered:
D:1:      dpeg_arrival_rooms_b, layout_basic, minmay_misc_feat_room
D:2:      layout_basic, uniq_natasha, uniq_jessica
D:3:      layout_loops_ring, gammafunk_temple_overflow_elements,
          shapermc_ecumenical_altar_gd, serial_shops, nicolae_diamond_shop,
          shop, shop, patterned_corridor
D:4:      layout_basic, old_standard_altar
D:5:      layout_basic, overflow_temple_1_default, temple_hall
D:6:      layout_cave_pools, uniq_pikel
D:7:      nzn_winding_woodlands_stair_cross
          [nzn_winding_woodlands_5x15_pathside_ponds,
          nzn_winding_woodlands_center_triple_pond,
          nzn_winding_woodlands_5x15_zeroes,
          nzn_winding_woodlands_5x5_open_star,
          nzn_winding_woodlands_5x5_checkerboard,
          nzn_winding_woodlands_5x15_pockets,
          nzn_winding_woodlands_center_garden,
          nzn_winding_woodlands_5x15_crooked], layout_loops_corners,
          nicolae_gozag_seed_capital, serial_shops, kennysheep_mini_moat,
          serial_bayou_pond_d

Skill      XL: |  1  2  3  4  5  6  7  8  9 10 |
---------------+-------------------------------+-----
Stealth        | 1 2 3 4 5 7 8 10 | 10.7
Short Blades   | 4 5 6 8 9 10 11 | 11.2
Dodging        | 4 5 6 |  6.3
Fighting       | |  3.0

Action                   |  1- 3 |  4- 6 |  7- 9 | 10-12 || total
-------------------------+-------+-------+-------+-------++-------
Melee: Short sword       |    45 |    57 |   179 |    32 ||   313
       Constrict         |     9 |    10 |    28 |     8 ||    55
       Tentacles         |     4 |     9 |    34 |     7 ||    54
Invok: Berserk           |       |     2 |     6 |     2 ||    10
  Use: Scroll            |       |     4 |       |       ||     4
 Stab: Sleeping          |     6 |    12 |    21 |       ||    39
       Distracted        |       |       |       |     1 ||     1
Armor: Skin              |     3 |       |     5 |       ||     8
Dodge: Dodged            |    23 |    24 |    59 |    21 ||   127

Table legend: (Time is in decaauts)
 A = Elapsed time spent in this place.
 B = Non-inter-level travel time spent in this place.
 C = Inter-level travel time spent in this place.
 D = Time resting spent in this place.
 E = Time spent auto-exploring this place.
 F = Levels seen in this place.
 G = Mean time per level.
                   A        B        C        D        E       F      G
               +--------+--------+--------+--------+--------+-----+--------+
         Total |   8442 |   8301 |    141 |   2071 |   5430 |   7 | 1206.0 |
       Dungeon |   8442 |   8301 |    141 |   2071 |   5430 |   7 | 1206.0 |
               +--------+--------+--------+--------+--------+-----+--------+

Top non-repeatable levels by time:
     D:6: 1979 daAuts
     D:2: 1528 daAuts
     D:7: 1416 daAuts
     D:4: 1041 daAuts
     D:3: 841 daAuts
     D:5: 823 daAuts
     D:1: 812 daAuts
